Map: Divergence LE

Players

Ivadios

  • Race: Zerg Zerg
  • League: Bronze
  • Spawn Location: 5:00

Arthas

  • Race: Terran Terran
  • Spawn Location: 5:00

GerOfTheStar

  • Race: Terran Terran
  • League: Gold
  • Spawn Location: 11:00

Jony

  • Race: Zerg Zerg
  • League: Silver
  • Spawn Location: 11:00

VOD

Have the link to the VOD?

Description

Time

  • Played on: June 5, 2020, 12:08 p.m.
  • Length: 8:09
Show
View Real Time Build Order
Export as new Build Order

Ivadios Zerg 

Build Orders: Pool Only 

Get SALT Encoding   

  12  0:39  Spawning Pool  
  11  0:45  Extractor  
  10  0:51  Drone  
  10  0:55  Overlord  
  11  1:35  Drone x3  
  14  1:59  Zergling x2  
  14  2:00  Zergling x2  
  14  2:59  Queen  
  14  3:03  Metabolic Boost  
  16  3:06  Drone x3  
  19  3:30  Zergling x4  
  21  3:43  Zergling x2  
  22  4:10  Overlord x2  
  22  5:23  Zergling x8  
  22  5:24  Zergling x4  
  13  6:26  Drone x2  
  13  6:27  Drone x4  
  16  7:02  Spore Crawler  
  8  7:30  Drone, Spore Crawler  
  8  7:31  Drone x5  
Show
View Real Time Build Order
Export as new Build Order

Arthas Terran 

Build Orders: Reaper Expand 

Get SALT Encoding   

  12  0:01  SCV  
  13  0:14  SCV  
  14  0:21  Supply Depot  
  14  0:26  SCV  
  15  0:36  Refinery  
  15  0:44  Barracks  
  15  0:45  SCV  
  16  0:58  SCV  
  17  1:05  Supply Depot  
  17  1:10  SCV  
  18  1:30  Orbital Command  
  18  1:31  Reaper  
  19  1:49  Command Center  
  19  2:03  Marine  
  20  2:10  Refinery  
  20  2:16  SCV  
  20  2:21  Marine  
  20  2:22  Barracks  
  22  2:39  Marine  
  21  2:57  Marine  
  22  3:02  Orbital Command  
  21  3:26  Barracks Tech Lab  
  21  3:32  SCV  
  22  3:36  Factory  
  22  3:44  SCV  
  23  4:12  Marine  
  23  4:24  Factory Reactor  
  23  4:25  Starport  
  23  4:28  SCV  
  24  4:34  Orbital Command  
  24  4:40  SCV  
  25  4:48  Marine  
  26  4:57  Supply Depot  
  26  4:59  Supply Depot  
  26  5:02  Barracks x2  
  26  5:05  Barracks  
  26  5:06  Barracks, Marine  
  27  5:07  Marine  
  28  5:22  Hellion  
  28  5:24  Marine  
  28  5:25  Marine  
  30  5:37  SCV x2  
  16  6:05  Marine x2  
  16  6:06  Marine x4  
  22  6:28  Barracks Tech Lab  
  22  6:31  Barracks Tech Lab  
  21  6:42  Factory Tech Lab  
  21  6:43  Medivac x2  
  21  6:45  Marine x4  
  26  7:03  Marine  
  26  7:05  Marine x5  
  32  7:20  Marine  
  33  7:24  Viking  
Show
View Real Time Build Order
Export as new Build Order

GerOfTheStar Terran 

Build Orders: Hellion Banshee 

Get SALT Encoding   

  12  0:02  SCV  
  13  0:14  SCV  
  14  0:21  Supply Depot  
  14  0:26  SCV  
  15  0:43  SCV  
  15  0:46  Barracks  
  15  0:48  Refinery  
  16  0:55  SCV  
  17  1:07  SCV  
  18  1:19  SCV  
  19  1:31  SCV  
  20  1:37  Reaper  
  21  1:40  Command Center  
  21  1:43  SCV  
  22  1:55  Refinery  
  22  2:15  Supply Depot  
  22  2:18  Factory  
  22  2:21  Orbital Command  
  22  2:25  Barracks Reactor  
  22  2:52  Orbital Command  
  21  3:35  SCV x2, Starport  
  21  3:39  Supply Depot  
  21  3:40  Hellion x2  
  21  3:41  Barracks Tech Lab  
  27  3:47  SCV  
  27  3:48  SCV  
  29  3:59  SCV  
  29  4:02  Hellion x2  
  34  4:08  SCV  
  35  4:12  SCV, Starport Tech Lab  
  36  4:17  Starport  
  36  4:20  SCV  
  36  4:23  Hellion x2  
  41  4:27  SCV  
  41  4:28  Refinery  
  41  4:30  Refinery  
  42  4:32  SCV  
  42  4:33  Supply Depot  
  42  4:36  Cloaking Field, Banshee  
  46  4:39  SCV  
  47  4:54  Starport Tech Lab  
  47  5:00  SCV x2  
  49  5:12  SCV  
  49  5:13  SCV  
  51  5:15  Banshee  
  51  5:16  Hyperflight Rotors  
  51  5:19  Banshee  
  57  5:24  SCV  
  58  5:46  Hellion x2  
  58  6:07  Hellion x2  
  62  6:18  Banshee x2  
  57  6:24  Fusion Core  
  60  6:26  SCV  
  60  6:27  Command Center  
  61  6:33  Command Center  
  61  6:36  Supply Depot  
  61  6:37  Supply Depot  
  61  6:38  SCV, Supply Depot  
  62  6:58  SCV, Hellion x2  
  67  7:10  SCV  
  80  7:22  SCV  
Show
View Real Time Build Order
Export as new Build Order

Jony Zerg 

Build Orders: 1 Base Baneling Bust, Pool Only 

Get SALT Encoding   

  12  0:09  Drone x2  
  14  0:19  Extractor  
  13  0:33  Spawning Pool  
  13  0:34  Drone  
  13  0:51  Drone  
  13  0:52  Overlord  
  14  1:11  Drone  
  14  1:12  Drone  
  16  1:22  Drone  
  16  1:25  Queen  
  17  1:27  Zergling x2  
  20  1:35  Zergling x2  
  21  1:46  Zergling x2  
  22  2:01  Pneumatized Carapace  
  22  2:03  Metabolic Boost  
  22  2:09  Overlord  
  22  2:10  Overlord  
  22  2:50  Zergling x4  
  22  2:51  Zergling x6  
  26  3:00  Extractor  
  26  3:05  Lair  
  25  3:07  Drone  
  25  3:08  Drone  
  27  3:36  Drone x2  
  27  3:37  Drone  
  27  4:09  Zergling x8  
  29  4:16  Overlord x2  
  29  4:26  Burrow  
  29  4:38  Baneling Nest  
  28  4:41  Hydralisk Den  
  27  4:58  Hydralisk Den  
  26  5:01  Drone x4, Infestation Pit  
  26  5:40  Zergling x2  
  26  5:41  Zergling x4  
  26  6:06  Zergling x4  
  28  6:13  Centrifical Hooks  
  28  6:21  Zergling x2  
  28  6:22  Zergling x6  
  32  6:57  Baneling x6  
  32  6:58  Baneling x4  
  32  7:06  Hydralisk  
  32  7:08  Zergling x8  
  38  7:17  Zergling x2  
  38  7:18  Zergling x6  
  42  7:28  Baneling x10  
  42  7:35  Zergling x2  
  43  7:39  Zergling x2  
Tags
 
Add a new tag
Caveats
  • Supply blocks, unpowered buildings, or Contaminate may cause inaccurate times.
  • Supply counts are checked every 10 seconds.